Map: Submarine LE

Players

GuilleCorpse - Winner!

  • Race: Protoss Protoss
  • League: Diamond
  • Spawn Location: 11:00

Heeebster

  • Race: Protoss Protoss
  • League: Diamond
  • Spawn Location: 5:00

VOD

Have the link to the VOD?

Description

Time

  • Played on: Nov. 15, 2020, 2:59 p.m.
  • Length: 19:05
Show
View Real Time Build Order
Export as new Build Order

GuilleCorpse Protoss - Winner!

Build Orders:  

Get SALT Encoding   

  12  0:01  Probe  
  13  0:13  Probe  
  14  0:20  Pylon  
  14  0:25  Probe  
  15  0:38  Gateway, Probe  
  16  0:50  Assimilator, Probe  
  17  0:58  Assimilator  
  17  1:02  Probe  
  18  1:13  Gateway  
  18  1:14  Probe  
  19  1:26  Probe  
  19  1:31  Cybernetics Core  
  20  1:38  Probe  
  21  1:47  Pylon  
  21  1:50  Probe  
  22  2:02  Probe  
  22  2:07  Stalker (Chrono Boost)  
  22  2:08  Stalker (Chrono Boost)  
  27  2:09  Warp Gate  
  27  2:33  Pylon  
  27  2:34  Stalker (Chrono Boost)  
  27  2:35  Stalker (Chrono Boost)  
  31  2:54  Probe  
  32  3:01  Nexus  
  32  3:34  Stalker  
  32  3:35  Stalker  
  32  3:36  Probe  
  37  3:47  Twilight Council  
  37  3:48  Probe  
  38  3:53  Gateway  
  38  4:00  Probe  
  37  4:13  Probe (Chrono Boost)  
  38  4:17  Stalker x2  
  38  4:20  Blink (Chrono Boost)  
  38  4:21  Probe (Chrono Boost)  
  43  4:30  Probe (Chrono Boost)  
  43  4:31  Probe (Chrono Boost)  
  45  4:36  Probe x2 (Chrono Boost)  
  47  4:48  Probe x2  
  47  4:52  Stalker x2  
  51  5:01  Pylon  
  51  5:03  Pylon  
  51  5:08  Probe  
  51  5:12  Pylon  
  52  5:14  Stalker  
  52  5:20  Gateway  
  54  5:26  Nexus  
  54  5:31  Probe x2  
  56  5:42  Stalker  
  56  5:43  Stalker, Probe  
  56  5:45  Stalker  
  63  5:51  Pylon  
  63  5:56  Robotics Facility  
  63  6:07  Stalker x2  
  61  6:21  Stalker x2  
  61  6:22  Probe x2  
  67  6:31  Forge  
  67  6:32  Stalker  
  67  6:33  Stalker  
  67  6:38  Probe x2 (Chrono Boost)  
  67  6:39  Probe (Chrono Boost)  
  74  6:45  Observer (Chrono Boost)  
  73  6:48  Probe (Chrono Boost)  
  73  6:50  Probe (Chrono Boost)  
  73  6:52  Stalker  
  73  6:53  Stalker, Probe (Chrono Boost)  
  77  6:55  Probe  
  77  7:00  Protoss Ground Weapons Level 1 (Chrono Boost), Shield Battery  
  79  7:02  Stalker, Observer (Chrono Boost)  
  82  7:09  Assimilator, Probe  
  82  7:13  Stalker  
  85  7:22  Probe x2  
  87  7:25  Assimilator  
  87  7:28  Gateway  
  87  7:29  Gateway  
  87  7:37  Probe x2  
  89  7:54  Stalker x4  
  97  7:59  Pylon  
  97  8:00  Pylon  
  89  8:35  Stalker x3  
  89  8:36  Stalker x3  
  101  8:44  Gateway x2  
  101  8:47  Gateway  
  97  8:50  Gateway  
  93  9:01  Stalker x3  
  93  9:02  Stalker, Zealot x2  
  83  9:23  Zealot x2  
  75  9:25  Zealot x4  
  77  9:33  Immortal (Chrono Boost)  
  77  9:36  Charge (Chrono Boost)  
  79  9:39  Protoss Ground Weapons Level 2 (Chrono Boost)  
  79  9:44  Gateway  
  77  9:46  Gateway  
  77  9:48  Gateway, Zealot x4  
  77  9:49  Zealot x3  
  91  10:10  Assimilator  
  91  10:14  Assimilator  
  91  10:15  Stalker x2  
  91  10:16  Zealot x3  
  91  10:18  Probe (Chrono Boost)  
  102  10:24  Nexus  
  102  10:25  Observer  
  102  10:27  Probe (Chrono Boost)  
  103  10:31  Photon Cannon  
  103  10:37  Pylon  
  103  10:39  Zealot x3  
  109  10:55  Pylon  
  109  10:58  Stalker x4, Dark Shrine  
  117  11:05  Probe (Chrono Boost)  
  117  11:10  Probe x2 (Chrono Boost)  
  120  11:15  Forge  
  120  11:18  Probe x2 (Chrono Boost)  
  122  11:20  Pylon  
  122  11:23  Probe  
  123  11:29  Probe x2  
  125  11:36  Probe (Chrono Boost)  
  125  11:38  Photon Cannon  
  126  11:41  Photon Cannon  
  126  11:43  Shield Battery  
  126  11:44  Probe (Chrono Boost)  
  126  11:45  Protoss Ground Armor Level 1 (Chrono Boost), Probe x2 (Chrono Boost)  
  129  11:53  Probe x2 (Chrono Boost)  
  131  11:58  Protoss Ground Weapons Level 3 (Chrono Boost), Probe (Chrono Boost)  
  131  12:00  Stalker x2  
  136  12:02  Zealot x2  
  140  12:09  Shadow Stride (Chrono Boost)  
  140  12:10  Probe  
  141  12:17  Templar Archives  
  141  12:23  Probe  
  141  12:25  Stalker x3  
  141  12:26  Dark Templar x2  
  141  12:28  Sentry x2  
  156  12:40  Probe  
  145  12:48  Observer  
  145  12:50  Zealot x6  
  145  12:51  Zealot x3  
  139  12:52  Observer, Probe  
  120  13:01  Observer (Chrono Boost)  
  120  13:05  Probe  
  122  13:06  Archon  
  122  13:15  Observer (Chrono Boost)  
  122  13:20  Zealot x5  
  122  13:21  Zealot x5  
  142  13:30  Robotics Facility  
  142  13:31  Observer (Chrono Boost)  
  141  13:35  Robotics Bay  
  141  13:36  Zealot x2  
  133  13:45  Observer (Chrono Boost)  
  122  13:48  Stalker x3  
  122  13:49  Stalker x5  
  122  13:50  Stalker x2  
  140  14:00  Probe x3  
  140  14:01  Probe  
  142  14:10  Protoss Shields Level 1 (Chrono Boost)  
  142  14:12  Nexus  
  142  14:13  Probe  
  143  14:18  Pylon  
  143  14:20  Dark Templar x4  
  143  14:21  Pylon  
  143  14:23  Dark Templar  
  153  14:25  Probe  
  154  14:35  Stalker  
  154  14:41  Pylon  
  154  14:42  Pylon  
  150  14:48  Colossus  
  150  14:54  Zealot x4  
  150  14:55  Zealot x7  
  178  15:01  Colossus  
  184  15:16  Archon  
  184  15:17  Archon, Extended Thermal Lance (Chrono Boost)  
  184  15:32  Assimilator, Stalker x5  
  184  15:33  Stalker x3  
  184  15:34  Assimilator  
  186  16:22  Zealot x5  
  186  16:23  Zealot x2  
  181  16:58  Zealot x4  
  181  16:59  Zealot x3  
  181  17:00  Colossus (Chrono Boost)  
  163  17:17  Colossus (Chrono Boost), Gateway  
  163  17:18  Gateway  
  163  17:21  Gateway  
  157  17:26  Zealot  
  157  17:27  Zealot x6  
  171  17:31  Gravitic Boosters  
  171  17:42  Stalker x5  
  181  17:44  Colossus (Chrono Boost)  
  187  17:58  Stalker x4  
  183  17:59  Stalker x3  
  195  18:08  Colossus (Chrono Boost)  
  195  18:19  Zealot x3  
  198  18:36  Nexus, Zealot  
  198  18:37  Zealot  
  198  18:39  Pylon  
  198  18:42  Pylon  
  174  18:50  Stalker x2  
  174  18:51  Stalker x5  
  174  18:52  Stalker  
Show
View Real Time Build Order
Export as new Build Order

Heeebster Protoss 

Build Orders: 1 Gate Expand 

Get SALT Encoding   

  12  0:00  Probe  
  13  0:12  Probe  
  14  0:18  Pylon  
  14  0:26  Probe  
  15  0:38  Probe (Chrono Boost)  
  15  0:39  Gateway  
  16  0:47  Assimilator  
  16  0:49  Probe (Chrono Boost)  
  17  0:52  Assimilator  
  17  0:56  Probe  
  18  1:08  Probe  
  19  1:20  Probe  
  20  1:27  Cybernetics Core  
  20  1:43  Nexus  
  20  1:50  Probe  
  21  1:57  Pylon  
  21  2:02  Probe  
  21  2:03  Warp Gate  
  22  2:12  Stalker (Chrono Boost)  
  24  2:17  Probe  
  25  2:28  Stargate  
  25  2:29  Probe  
  26  2:37  Stalker  
  26  2:41  Probe  
  29  2:45  Pylon  
  29  2:53  Probe (Chrono Boost)  
  31  3:00  Probe (Chrono Boost)  
  31  3:05  Probe (Chrono Boost), Void Ray (Chrono Boost)  
  32  3:09  Probe (Chrono Boost)  
  37  3:32  Void Ray (Chrono Boost)  
  35  3:51  Stalker, Gateway  
  37  4:01  Probe x2  
  39  4:04  Void Ray  
  39  4:13  Probe  
  39  4:16  Pylon, Probe  
  45  4:24  Gateway  
  45  4:28  Probe  
  46  4:32  Gateway  
  44  4:43  Stalker  
  46  4:47  Stalker  
  46  5:00  Pylon  
  46  5:03  Pylon  
  46  5:13  Pylon  
  46  5:18  Stalker  
  46  5:19  Stalker x2  
  52  5:23  Shield Battery  
  52  5:24  Probe (Chrono Boost)  
  52  5:25  Shield Battery, Probe (Chrono Boost)  
  54  5:34  Probe (Chrono Boost)  
  54  5:35  Probe (Chrono Boost)  
  56  5:39  Probe x2 (Chrono Boost)  
  58  5:46  Twilight Council  
  58  5:49  Stalker  
  60  5:50  Probe  
  60  5:51  Probe  
  60  5:53  Oracle (Chrono Boost)  
  65  5:57  Assimilator  
  65  6:02  Assimilator  
  65  6:03  Probe  
  66  6:06  Stalker  
  68  6:15  Probe  
  65  6:20  Stalker x2  
  69  6:35  Pylon, Shield Battery  
  69  6:39  Shield Battery, Probe  
  70  6:40  Pylon  
  70  6:49  Oracle (Chrono Boost)  
  70  6:52  Blink (Chrono Boost)  
  70  6:53  Probe  
  71  7:02  Robotics Facility  
  71  7:05  Pylon  
  71  7:10  Stalker  
  71  7:12  Probe  
  74  7:19  Stalker x2  
  78  7:24  Probe  
  79  7:36  Stalker x2, Probe  
  81  7:42  Stalker  
  81  7:43  Stalker  
  85  7:51  Immortal (Chrono Boost)  
  89  7:59  Pylon  
  89  8:00  Stalker x2, Pylon  
  93  8:17  Stalker x2  
  89  8:35  Stalker x2  
  89  8:37  Immortal (Chrono Boost)  
  97  8:49  Stalker x2  
  99  9:00  Nexus  
  99  9:02  Pylon  
  91  9:10  Probe x2  
  91  9:12  Immortal (Chrono Boost)  
  95  9:22  Probe  
  80  9:35  Probe x2  
  80  9:39  Pylon  
  80  9:47  Probe  
  80  9:48  Probe  
  80  9:49  Void Ray, Immortal (Chrono Boost)  
  82  9:56  Robotics Facility  
  87  10:00  Probe  
  87  10:05  Forge x2  
  87  10:09  Probe  
  87  10:12  Probe  
  87  10:14  Immortal (Chrono Boost)  
  89  10:15  Shield Battery x2, Probe  
  89  10:21  Stalker x3, Probe  
  95  10:24  Probe  
  102  10:31  Stalker, Protoss Ground Weapons Level 1 (Chrono Boost)  
  102  10:33  Probe x2  
  106  10:36  Assimilator  
  106  10:40  Assimilator  
  106  10:42  Protoss Ground Armor Level 1 (Chrono Boost)  
  106  10:44  Immortal  
  110  10:55  Stalker x3  
  116  11:02  Pylon  
  116  11:06  Immortal  
  120  11:13  Stalker  
  120  11:17  Pylon  
  122  11:21  Stalker x2  
  122  11:23  Immortal (Chrono Boost)  
  122  11:24  Stalker  
  132  11:33  Gateway  
  132  11:34  Gateway  
  132  11:37  Gateway  
  132  11:41  Stalker  
  136  11:52  Warp Prism (Chrono Boost)  
  136  11:55  Stalker x3  
  142  12:09  Immortal (Chrono Boost)  
  142  12:10  Stalker  
  148  12:19  Immortal (Chrono Boost)  
  148  12:21  Pylon  
  148  12:22  Stalker x2  
  156  12:28  Pylon  
  156  12:41  Pylon  
  156  12:42  Pylon, Observer (Chrono Boost)  
  101  13:02  Stalker  
  101  13:03  Stalker x6  
  113  13:05  Immortal (Chrono Boost)  
  113  13:06  Protoss Ground Weapons Level 2 (Chrono Boost)  
  118  13:14  Observer (Chrono Boost)  
  118  13:16  Protoss Ground Armor Level 2 (Chrono Boost)  
  118  13:26  Stalker x2  
  122  13:28  Immortal (Chrono Boost)  
  126  13:37  Immortal (Chrono Boost)  
  98  13:48  Charge (Chrono Boost)  
  87  14:03  Stalker x3  
  87  14:04  Stalker x4  
  101  14:15  Templar Archives  
  101  14:16  Immortal (Chrono Boost)  
  105  14:32  Nexus  
  105  14:34  Pylon x2  
  105  14:36  Assimilator  
  105  14:39  Assimilator  
  103  14:49  Zealot x6  
  111  15:00  Zealot  
  113  15:10  High Templar x6  
  113  15:14  Archon x2  
  125  15:15  Archon  
  125  15:21  High Templar  
  127  15:35  Nexus  
  127  15:37  Pylon  
  126  15:43  Psionic Storm  
  122  15:50  High Templar x2  
  122  15:51  Zealot x3  
  122  15:52  Zealot  
  134  15:57  Archon  
  134  15:59  Zealot  
  132  16:17  Zealot x4  
  135  16:29  High Templar x3  
  141  16:39  Gateway  
  141  16:45  Pylon  
  141  16:51  Stalker x4  
  146  17:02  Zealot x3  
  108  17:23  Zealot x7  
  122  17:36  Zealot  
  132  17:44  Zealot x4  
  132  17:45  Zealot x3  
  142  18:02  High Templar  
  140  18:07  High Templar x6  
  146  18:15  Archon x2  
  146  18:16  Archon  
  146  18:17  Archon  
  146  18:19  Zealot  
  144  18:36  Nexus  
  144  18:40  Nexus  
Tags
 
Matchup
PvP
Replay Pack
Replays
Spawn Locations
Cross Positions
Add a new tag
Caveats
  • Supply blocks, unpowered buildings, or Contaminate may cause inaccurate times.
  • Supply counts are checked every 10 seconds.